 Dungeon Crawl Stone Soup version 0.21.1-1-g345015f (webtiles) character file.

10984 schauveau the Cleaver (level 11, 0/100 HPs)
             Began as a Deep Dwarf Fighter on June 17, 2018.
             Was an Elder of Makhleb.
             Killed from afar by a manticore (7 damage)
             ... with a volley of spikes
             ... on level 11 of the Dungeon.
             The game lasted 00:42:22 (11293 turns).

schauveau the Cleaver (Deep Dwarf Fighter)         Turns: 11293, Time: 00:42:23

Health: 0/100      AC: 21    Str: 23    XL:     11   Next: 43%
Magic:  14/14      EV:  8    Int:  9    God:    Makhleb [****..]
Gold:   627        SH: 12    Dex: 12    Spells: 10/10 levels left

rFire    . . .     SeeInvis .   a - +1 war axe
rCold    . . .     Gourm    .   c - +1 shield
rNeg     . . .     Faith    .   P - +0 plate armour
rPois    +         Spirit   .   k - +1 helmet
rElec    .         Reflect  .   n - +1 cloak
rCorr    .         Harm     .   N - +1 pair of gloves (curse)
MR       +....                  (no boots)
Stlth    ..........             D - amulet of rage
HPRegen  0.00/turn              g - ring of poison resistance
MPRegen  0.14/turn              y - ring of stealth

@: barbed spikes, non-regenerating
A: damage resistance, heal wounds, sense surroundings 2, no regeneration
a: Heal Wounds, Minor Destruction, Lesser Servant of Makhleb, Major Destruction,
Renounce Religion, Evoke Berserk Rage


You were on level 11 of the Dungeon.
You worshipped Makhleb.
Makhleb was greatly pleased with you.
You were not hungry.

You visited 2 branches of the dungeon, and saw 13 of its levels.
You also visited: Ossuary.

You collected 627 gold pieces.

Inventory:

Hand Weapons
 a - a +1 war axe (weapon)
 H - a cursed -3 flail
 J - a +3 flail of holy wrath
Missiles
 h - 363 stones
 j - 2 javelins (quivered)
 M - 2 throwing nets
Armour
 c - a +1 shield (worn)
 k - a +1 helmet (worn)
 n - a +1 cloak (worn)
 N - a cursed +1 pair of gloves (worn)
 P - a +0 plate armour (worn)
Jewellery
 g - a ring of poison resistance (left hand)
 y - a ring of stealth (right hand)
 D - an amulet of rage (around neck)
Wands
 b - a wand of digging (29)
 m - a wand of iceblast (12)
 q - a wand of polymorph (20)
 S - a wand of acid (7)
Scrolls
 d - a scroll of fog
 e - 2 scrolls of enchant armour
 r - a scroll of magic mapping
 s - a scroll of identify
 u - a scroll of blinking
 C - 7 scrolls of remove curse
Potions
 i - 2 potions of haste
 l - 3 potions of brilliance
 o - 3 potions of magic
 p - 4 potions of curing
 w - 3 potions of might
 z - 3 potions of flight
 A - 3 potions of resistance
 B - 2 potions of heal wounds
 G - 2 potions of invisibility
 O - a potion of cancellation
Comestibles
 f - 16 rations
 t - 2 chunks of flesh


   Skills:
 + Level 7.4 Fighting
 * Level 11.6 Axes
 + Level 8.8 Armour
 + Level 6.0 Dodging
 + Level 8.8 Shields
 + Level 6.2 Invocations


You had 10 spell levels left.
You didn't know any spells.

Dungeon Overview and Level Annotations

Branches:
Dungeon (12/15)            Temple (1/1) D:4
   Lair: D:8-11         Orc: D:9-12

Altars:
Ashenzari
Cheibriados
Dithmenos
Elyvilon
Fedhas
Gozag
Hepliaklqana
Kikubaaqudgha
Makhleb
Nemelex Xobeh
Okawaru
Ru
Trog
Uskayaw
Vehumet
Wu Jian
Xom
Yredelemnul
Zin
The Shining One

Shops:
D:6 *

Annotations:
D:10 diana's ghost, journeyman DsGl


Innate Abilities, Weirdness & Mutations

You are resistant to damage.
You can heal yourself by infusing magical energy.
You passively map the area around you.
You do not regenerate.


Message History

The barbed spikes become lodged in your body.
* * * LOW HITPOINT WARNING * * *
The barbs in your skin will harm you if you move.
Continue? [Y]es or [N]o only, please.
The barbs in your skin will harm you if you move.
Continue?
Okay, then.
Unknown command.
The manticore flicks its tail.
The volley of spikes hits you!
The barbed spikes become lodged in your body.
* * * LOW HITPOINT WARNING * * *
You block the wraith's attack. You block the wraith's attack.
Your shield and plate armour prevent you from hitting the wraith.
You block the wraith's attack.
You hit the wraith but do no damage.
The manticore flicks its tail.
The volley of spikes hits you!
The barbed spikes become lodged in your body.
You die...

, ,, , ,, * *, , * ,,
, . * ,* , , , ,*.# ,
,, ,, ,,* * , , #W * *
, ,, *, ##. * , , ,.
,* #.. , . ,* * ...##
..## , ,*..., ,
...../###W#######...>#
* *
........@..H......#
.###########..##### ,
, * ,, , ,,,
............#, *,, , ,
, , ............# , *
,* , ............# , ,
..............# * * *
* .............# , ,
## , .# #..#####..#..#
**,, #. *
...#..#...#..#..... ,


You could see a manticore and a wraith.

Vanquished Creatures
  2 two-headed ogres
  An ugly thing (D:11)
  The ghost of Lecool the Cutter, a novice VSFi (D:5)
  The ghost of diana the Insei, a novice DsGl (D:4)
  A tengu conjurer (D:11)
  5 hornets
  Prince Ribbit (D:8)
  Grinder (D:3)
  2 hippogriffs
  10 yaks
  2 hungry ghosts
  Edmund (D:6)
  A water moccasin (D:9)
  2 sky beasts
  4 ice beasts
  An orc warrior (D:11)
  4 ogres
  An eye of draining (D:11)
  4 phantoms
  5 centaurs
  2 bullfrogs (D:9)
  A wyvern skeleton (D:11)
  3 scorpions
  3 killer bees (D:7)
  3 wights (D:10)
  3 howler monkeys (D:11)
  4 centaur zombies
  5 crimson imps
  7 hounds
  A bullfrog zombie (Ossuary)
  3 bullfrog skeletons
  2 jellies
  11 orc priests
  Ijyb (D:3)
  2 centaur skeletons
  A gnoll shaman (D:8)
  3 iguanas
  9 orc wizards
  Natasha (twice) (D:3)
  5 worker ants
  3 killer bee zombies
  A bullfrog simulacrum (D:11)
  A hound zombie (Ossuary)
  A hound skeleton (D:6)
  16 mummies
  A worker ant zombie (Ossuary)
  14 gnolls
  9 adders
  2 oozes
  An adder skeleton (D:5)
  3 adder zombies (Ossuary)
  3 worms (D:2)
  7 leopard geckos
  41 orcs
  A giant cockroach (D:3)
  2 goblins
  5 hobgoblins
  A jackal (D:2)
  3 quokkas
  A ball python (D:5)
  9 bats
  2 frilled lizards
  6 kobolds
  2 leopard gecko zombies (Ossuary)
  A quokka skeleton (D:6)
  2 quokka zombies (Ossuary)
  6 rats
265 creatures vanquished.

Vanquished Creatures (others)
  An orc wizard (D:4)
  A withered plant (Ossuary)
2 creatures vanquished.

Grand Total: 267 creatures vanquished

Notes
Turn   | Place    | Note
-------+----------+-------------------------------------------
     0 | D:1      | schauveau the Deep Dwarf Fighter began the quest for the Orb.
     0 | D:1      | Reached XP level 1. HP: 20/20 MP: 1/1
     6 | D:1      | Noticed an iguana
     6 | D:1      | Noticed a queen ant
     7 | D:1      | Noticed a stone giant
    48 | D:2      | Found a radiant altar of Vehumet.
    88 | D:2      | Reached XP level 2. HP: 24/27 MP: 2/2
   549 | D:2      | Found a shattered altar of Ashenzari.
   654 | D:2      | Found a faded altar of an unknown god.
   688 | D:3      | Reached skill level 3 in Axes
   715 | D:3      | Reached XP level 3. HP: 21/33 MP: 3/3
   840 | D:3      | Noticed Grinder
   861 | D:3      | Killed Grinder
   861 | D:3      | Reached skill level 4 in Axes
   861 | D:3      | Reached XP level 4. HP: 19/42 MP: 4/4
   861 | D:3      | Reached XP level 5. HP: 22/49 MP: 5/5
  1070 | D:4      | Noticed diana's ghost (novice DsGl)
  1072 | D:4      | Found a hazy altar of Hepliaklqana.
  1083 | D:4      | Killed diana's ghost
  1083 | D:4      | Reached skill level 5 in Axes
  1083 | D:4      | Reached XP level 6. HP: 13/57 MP: 6/6
  1083 | D:4      | Reached XP level 7. HP: 15/64 MP: 7/7
  1223 | D:4      | Reached skill level 5 in Shields
  1273 | D:5      | Entered Level 5 of the Dungeon
  1368 | D:4      | Reached skill level 5 in Armour
  1407 | D:4      | Reached skill level 6 in Axes
  1432 | D:4      | Found a staircase to the Ecumenical Temple.
  1438 | Temple   | Entered the Ecumenical Temple
  1455 | Temple   | Became a worshipper of Makhleb the Destroyer
  3048 | D:3      | Reached * piety under Makhleb
  3102 | D:3      | Noticed Ijyb
  3106 | D:3      | Found a shadowy altar of Dithmenos.
  3125 | D:3      | Killed Ijyb
  3167 | D:3      | Noticed Natasha
  3177 | D:3      | Killed Natasha
  3453 | D:3      | Noticed Natasha
  3459 | D:3      | Killed Natasha
  3798 | D:4      | Reached XP level 8. HP: 42/73 MP: 8/8
  3897 | D:4      | Reached skill level 7 in Axes
  4146 | D:4      | Found a blossoming altar of Fedhas.
  4149 | D:4      | Found an opulent altar of Gozag.
  4368 | D:5      | Noticed Lecool's ghost (novice VSFi)
  4484 | D:7      | Found a sand-covered staircase.
  4511 | Ossuary  | Entered an ossuary
  4522 | Ossuary  | Reached skill level 5 in Fighting
  4538 | Ossuary  | Reached ** piety under Makhleb
  4842 | Ossuary  | Reached skill level 8 in Axes
  4842 | Ossuary  | Reached skill level 1 in Dodging
  5667 | D:5      | Killed Lecool's ghost
  5667 | D:5      | Gained mutation: You passively map the area around you. [Deep Dwarf growth]
  5667 | D:5      | Reached XP level 9. HP: 35/81 MP: 8/8
  6132 | D:5      | Reached *** piety under Makhleb
  6300 | D:6      | Found Zoine's Wicked Wares.
  6307 | D:6      | Found an ancient bone altar of Kikubaaqudgha.
  6331 | D:6      | Noticed Edmund
  6339 | D:6      | Killed Edmund
  6437 | D:6      | Reached skill level 9 in Axes
  6655 | D:6      | You fall through a shaft for 3 floors!
  6730 | D:8      | Noticed Prince Ribbit
  6770 | D:8      | Killed Prince Ribbit
  6770 | D:8      | Reached skill level 1 in Invocations
  6926 | D:8      | Found an ornate altar of the Wu Jian Council.
  7669 | D:7      | Reached **** piety under Makhleb
  8258 | D:8      | Reached XP level 10. HP: 80/91 MP: 9/11
  8660 | D:10     | Entered Level 10 of the Dungeon
  8710 | D:9      | Reached skill level 10 in Axes
  8712 | D:9      | Found a sparkling altar of Nemelex Xobeh.
  8768 | D:9      | You fall through a shaft!
  8799 | D:10     | Identified the Reference Book on Cloudy Calling
  8956 | D:10     | Noticed diana's ghost (journeyman DsGl)
  9045 | D:9      | Noticed a two-headed ogre
  9139 | D:9      | Found a shadowy altar of Dithmenos.
  9139 | D:9      | Found a bloodstained altar of Trog.
  9319 | D:9      | Killed a two-headed ogre
  9411 | D:9      | Paralysed by a hornet for 3 turns
  9802 | D:9      | Reached skill level 5 in Dodging
  9922 | D:9      | Reached skill level 5 in Invocations
  9942 | D:9      | Reached skill level 11 in Axes
 10014 | D:9      | Reached XP level 11. HP: 67/100 MP: 13/13
 11005 | D:11     | Noticed a two-headed ogre
 11007 | D:11     | Reached ***** piety under Makhleb
 11011 | D:11     | Killed a two-headed ogre
 11067 | D:11     | Noticed a green ugly thing
 11090 | D:11     | Killed a green ugly thing
 11193 | D:11     | Noticed a seven-headed hydra
 11293 | D:11     | Killed from afar by a manticore

Skill      XL: |  1  2  3  4  5  6  7  8  9 10 11 |
---------------+----------------------------------+-----
Axes           | 3 4 5 6 8 9 11 | 11.6
Fighting       | 3 4 5 6 7 |  7.4
Armour         | 4 5 6 7 8 |  8.8
Shields        | 4 5 6 7 8 |  8.8
Dodging        | 2 3 5 6 |  6.0
Invocations    | 2 5 6 |  6.2

Action                   |  1- 3 |  4- 6 |  7- 9 | 10-12 || total
-------------------------+-------+-------+-------+-------++-------
Melee: War axe           |    67 |    31 |   684 |   495 ||  1277
       Flail             |       |       |       |     5 ||     5
Throw: Javelin           |     1 |       |    11 |     2 ||    14
       Stone             |       |       |     7 |       ||     7
Invok: Lesser Servant of |       |       |       |     2 ||     2
 Abil: Heal Wounds       |       |     1 |     4 |     3 ||     8
  Use: Potion            |       |     1 |     2 |     5 ||     8
       Scroll            |       |       |    16 |    14 ||    30
  Eat: Chunk             |       |       |    10 |     4 ||    14
       Ration            |       |       |     5 |     6 ||    11
Armor: Scale mail        |    22 |     9 |    38 |       ||    69
       Chain mail        |       |       |   203 |       ||   203
       Plate armour      |       |       |     5 |   293 ||   298
Dodge: Dodged            |    24 |     6 |   138 |   128 ||   296
Block: Shield            |    20 |    14 |   326 |   292 ||   652
